AoeStats
← hi_joel

Oasis

510242301Analyzed
4v4 RM · 1d ago on Sep 30, 2026· 54m 2s· 8 players
Game mode
Random Map
Map size
Large (8 player)
Population
200
Speed
Normal
Resources
Standard
Victory
Conquest
Starting age
Dark Age
Ending age
Imperial Age
RankedLock teamsTeams togetherTeam positionsShared explorationLock speedFull tech treeHidden civsTurbo modeCheats
Victory
Defeat
🇨🇱 Britons · Chile
1273
+9
🇨🇱 Khmer · Chile
1078
+16
🇨🇱 Mongols · Chile
1059
+17
🇨🇱 Japanese · Chile
1034
+18
🇦🇷 Saracens · Argentina
1122
-16
🇺🇸 Varangians · United States
1122
-16
🇨🇦 Gurjaras · Canada
1085
-15
🇬🇹 Byzantines · Guatemala
1037
-39
GrandMasterTitties
5:12 Loom
13:28 Feudal Age
19:36 Castle Age
17:29 Fletching
18:20 Horse Collar
19:32 Double-Bit Axe
20:59 Bodkin Arrow
21:48 Guard Tower
22:47 Masonry
23:21 Town Watch
26:57 Bow Saw
34:10 Wheelbarrow
37:00 Hand Cart
hi_joel
6:43 Loom
10:08 Feudal Age
22:16 Castle Age
21:54 Horse Collar
22:04 Double-Bit Axe
22:24 Crossbowman
24:13 Bow Saw
24:08 Stone Mining
25:10 Fletching
26:29 Caravan
28:33 Bodkin Arrow
28:53 Gold Mining
29:43 Heavy Plow
32:57 Ballistics
38:05 Imperial Age
36:13 Wheelbarrow
35:53 Padded Archer Armor
36:11 Pikeman
36:52 Squires
36:38 Gambesons
40:07 Chemistry
38:33 Halberdier
40:12 Arbalester
40:54 Bracer
41:05 Forging
40:56 Scale Mail Armor
44:45 Conscription
48:37 Iron Casting
48:17 Chain Mail Armor
49:51 Elite Skirmisher
50:21 Light Cavalry
51:02 Husbandry
51:19 Hussar
Orangebaral
7:58 Loom
11:07 Feudal Age
16:04 Castle Age
16:59 Scale Mail Armor
17:05 Scale Barding Armor
18:43 Double-Bit Axe
20:25 Husbandry
26:28 Forging
32:34 Imperial Age
31:54 Gambesons
32:10 Scale Mail Armor
32:49 Chain Barding Armor
33:05 Iron Casting
33:01 Caravan
33:03 Elite Jarl
34:49 Bloodlines
36:22 Plate Barding Armor
38:54 Gothikon
41:43 Blast Furnace
41:24 Elite Varangian Guard
41:51 Gambesons
43:11 Scale Mail Armor
42:41 Gothikon
44:23 Chain Mail Armor
46:58 Plate Mail Armor
46:49 Squires
47:32 Conscription
LadenStone72050
1:09 Loom
11:56 Feudal Age
13:45 Double-Bit Axe
18:21 Castle Age
16:21 Gold Mining
16:24 Horse Collar
17:22 Stone Mining
19:48 Wheelbarrow
20:12 Bow Saw
24:01 Fervor
25:13 Heavy Plow
30:24 Husbandry
30:56 Hand Cart
32:22 Light Cavalry
33:13 Bloodlines
38:02 Imperial Age
35:18 Town Watch
36:24 Gold Shaft Mining
36:25 Fletching
36:36 Padded Archer Armor
36:56 Forging
36:51 Murder Holes
37:17 Ballistics
37:33 Bodkin Arrow
38:13 Iron Casting
37:44 Scale Barding Armor
40:45 Bracer
41:46 Blast Furnace
41:06 Chain Barding Armor
42:38 Plate Barding Armor
42:18 Leather Archer Armor
42:04 Scale Mail Armor
43:33 Two-Man Saw
42:33 Hussar
45:02 Ring Archer Armor
44:49 Masonry
FermiGame
4:01 Loom
10:58 Feudal Age
30:31 Castle Age
28:20 Town Watch
35:13 Padded Archer Armor
35:27 Double-Bit Axe
39:38 Ballistics
40:16 Gold Mining
40:59 Fortified Wall
41:17 Masonry
41:22 Fletching
41:47 Leather Archer Armor
42:32 Wheelbarrow
42:23 Murder Holes
43:53 Bodkin Arrow
44:27 Leather Archer Armor
47:07 Hand Cart
47:36 Bloodlines
47:26 Husbandry
48:39 Thumb Ring
51:54 Bloodlines
51:44 Husbandry
52:09 Hand Cart
52:26 Scale Barding Armor
52:31 Forging
[TVDT] Emiliator
7:22 Loom
10:05 Feudal Age
10:41 Double-Bit Axe
12:51 Fletching
13:01 Padded Archer Armor
16:10 Horse Collar
20:50 Wheelbarrow
24:13 Castle Age
22:45 Gold Mining
25:14 Bow Saw
25:07 Heavy Plow
24:31 Crossbowman
25:08 Bodkin Arrow
27:14 Gold Shaft Mining
26:29 Stone Mining
27:13 Leather Archer Armor
31:03 Hand Cart
35:32 Imperial Age
35:39 Town Watch
36:18 Bracer
36:49 Ring Archer Armor
35:41 Arbalester
36:44 Ballistics
37:24 Chemistry
36:48 Elite Skirmisher
40:50 Two-Man Saw
40:19 Yeomen
43:43 Conscription
jorgex0000
7:35 Loom
13:32 Feudal Age
16:22 Castle Age
19:56 Imperial Age
17:33 Double-Bit Axe
18:53 Bow Saw
18:26 Horse Collar
22:32 Ballistics
37:33 Wheelbarrow
37:28 Bloodlines
36:40 Light Cavalry
38:23 Conscription
38:28 Husbandry
39:47 Chemistry
39:11 Hand Cart
41:43 Scale Barding Armor
41:48 Forging
42:31 Tusk Swords
43:55 Iron Casting
43:41 Chain Barding Armor
43:57 Elite Battle Elephant
50:56 Cavalier
54:21 Plate Barding Armor
54:47 Blast Furnace
Cuchorro
11:32 Feudal Age
16:17 Castle Age
15:18 Double-Bit Axe
15:15 Horse Collar
16:58 Loom
18:07 Scale Mail Armor
20:34 Gold Mining
21:01 Stone Mining
22:13 Forging
23:17 Ballistics
25:43 Squires
29:18 Wheelbarrow
28:31 Gambesons
29:04 Chain Mail Armor
33:42 Imperial Age
33:59 Iron Casting
33:15 Arson
34:46 Kataparuto
35:02 Conscription
34:59 Pikeman
35:10 Capped Ram
35:32 Elite Samurai
36:57 Elite Samurai
39:41 Chemistry
41:07 Gold Shaft Mining
40:51 Halberdier
47:14 Plate Mail Armor
47:45 Blast Furnace
47:55 Blast Furnace
Connection lost

Rejoining the realm…

Still unreachable

The connection could not be restored.

Session expired

The server has moved on; the page needs a fresh start.